 Dungeon Crawl Stone Soup version 0.31-a0-1101-g9ad1905e61 (webtiles) character file.

Game seed: 12433187878296489151

20 graki42 the Stinger (level 2, 0/15 HPs)
             Began as a Deep Elf Venom Mage on Dec 1, 2023.
             Slain by a hobgoblin (2 damage)
             ... on level 1 of the Dungeon.
             The game lasted 00:04:17 (663 turns).

graki42 the Stinger (Deep Elf Venom Mage)            Turns: 663, Time: 00:04:18

Health: 0/15       AC:  2    Str:  5    XL:     2   Next: 58%
Magic:  0/8        EV: 13    Int: 19    God:
Gold:   19         SH:  0    Dex: 15    Spells: 4/7 levels left

rFire   . . .        d - +0 dagger
rCold   . . .        (no shield)
rNeg    . . .        a - +0 robe
rPois   .            (no helmet)
rElec   .            (no cloak)
rCorr   .            (no gloves)
SInv    .            (no boots)
Will    .....        (no amulet)
Stlth   ++           (no ring)
HPRegen 0.22/turn    (no ring)
MPRegen 0.11/turn

%: no passive effects
@: no status effects
A: no striking features
a: no special abilities


You were on level 1 of the Dungeon.
You visited 1 branch of the dungeon, and saw 2 of its levels.

You collected 19 gold pieces.

Inventory:

Hand Weapons
 d - a +0 dagger (weapon)
Armour
 a - a +0 robe (worn)
Jewellery
 f - an amulet of reflection
Scrolls
 c - 2 scrolls of identify {unknown}
 h - a scroll of amnesia {unknown}
Potions
 b - a potion of magic
 e - a potion of mutation {unknown}
 g - 2 potions of lignification {unknown}


   Skills:
 + Level 2.8 Dodging
 + Level 2.8 Stealth
 + Level 3.3 Spellcasting
 + Level 1.5 Transmutations
 + Level 3.5 Poison Magic


You had 4 spell levels left.
You knew the following spells:

 Your Spells              Type           Power      Damage    Failure   Level
a - Sting                 Tmut/Pois      48%        1d5       5%          1
b - Poisonous Vapours     Pois/Air       18%        N/A       11%         2

Your spell library contained the following spells:

 Spells                   Type           Power      Damage    Failure   Level
 Mephitic Cloud           Conj/Pois/Air  7%         N/A       26%         3
 Olgreb's Toxic Radiance  Pois           16%        N/A       34%         4


Dungeon Overview and Level Annotations

Branches:
Dungeon (2/15)

Altars:


Message History

Aiming: Sting (safe; 5% risk of failure)
Press: ? - help, Shift-Dir - straight line, f - goblin
Aim: a goblin, wielding a +0 dagger (severely wounded, 64% to hit)
The sting hits the goblin.
The goblin is poisoned.
You kill the goblin!
The endoplasm freezes you.
You are frozen.
You hit the endoplasm.
The endoplasm is severely wounded.
The hobgoblin hits you but does no damage.
The endoplasm completely misses you.
You hit the endoplasm.
The endoplasm is almost dead.
The hobgoblin hits you. The endoplasm barely misses you.
You hit the endoplasm.
You kill the endoplasm!
The hobgoblin barely misses you.
You hit the hobgoblin.
The hobgoblin is lightly wounded.
The hobgoblin closely misses you.
You hit the hobgoblin.
The hobgoblin is heavily wounded.
The hobgoblin hits you.
You hit the hobgoblin.
The hobgoblin is severely wounded.
The hobgoblin hits you.
You hit the hobgoblin.
The hobgoblin is almost dead.
The hobgoblin hits you.
* * * LOW HITPOINT WARNING * * *
Casting: Sting (safe; 5% risk of failure)
Confirm with . or Enter, or press ? or * to list all spells.
Aiming: Sting (safe; 5% risk of failure)
Press: ? - help, Shift-Dir - straight line, f - hobgoblin
Aim: a hobgoblin (almost dead, 71% to hit)
The sting hits the hobgoblin but does no damage.
The hobgoblin is poisoned.
The hobgoblin is almost dead.
The hobgoblin hits you.
You die...

#......# #..#.##..##.#
#.#....# #...>....##..
#..###.# #.....##.####
#......# #.....##.....
#..#..g.###.....######.
#.###.#..##.....# #.
#..#.###.######## #.
..#.⌠!#).# #.
#.###!#@g## #. #.
.###......# #. .
..##...# #. ...# .## #.
...# #####


You could see a hobgoblin (poisoned).

Vanquished Creatures
  2 bats (D:1)
  2 endoplasms (D:1)
  3 giant cockroaches (D:1)
  A goblin (D:1)
  2 hobgoblins (D:1)
  2 quokkas (D:1)
  2 frilled lizards (D:1)
  A kobold (D:1)
  2 rats
17 creatures vanquished.

Notes
Turn   | Place    | Note
-------+----------+-------------------------------------------
     0 | D:1      | graki42 the Deep Elf Venom Mage began the quest for the
                  | Orb.
     0 | D:1      | Reached XP level 1. HP: 10/10 MP: 6/6
    61 | D:1      | You fall into a shaft and drop 1 floor!
   332 | D:1      | Reached XP level 2. HP: 15/15 MP: 6/8
   368 | D:1      | Learned a level 2 spell: Poisonous Vapours
   663 | D:1      | Slain by a hobgoblin

Illustrated notes

Levels and vault maps discovered:
D:1:      nicolae_arrival_somewhat_less_tricky_arrival, layout_loops_cross,
          minmay_pentomino_x4
D:2:      minmay_razor_zed, layout_basic

Action                     || total
---------------------------++-------
  Melee: Dagger            ||    18
   Cast: Sting             ||    22
         Poisonous Vapours ||     3
   Stab: Sleeping          ||     2
 Armour: Robe              ||    19
  Dodge: Dodged            ||    21

Table legend: (Time is in decaauts)
 A = Elapsed time spent in this place.
 B = Non-inter-level travel time spent in this place.
 C = Inter-level travel time spent in this place.
 D = Time resting spent in this place.
 E = Time spent auto-exploring this place.
 F = Levels seen in this place.
 G = Mean time per level.
                   A        B        C        D        E       F      G
               +--------+--------+--------+--------+--------+-----+--------+
         Total |    662 |    662 |      0 |    102 |    445 |   2 |  331.0 |
       Dungeon |    662 |    662 |      0 |    102 |    445 |   2 |  331.0 |
               +--------+--------+--------+--------+--------+-----+--------+

Top non-repeatable levels by time:
     D:1: 645 daAuts
     D:2: 16 daAuts
